 Dungeon Crawl Stone Soup version 0.28-a0-1404-g4df0f3684d (webtiles) character file.

Game seed: 1949353514251353274

298 oldriver the Digger (level 6, -4/36 HPs)
             Began as a Gargoyle Earth Elementalist on Jan 6, 2022.
             Was a Follower of Vehumet.
             Killed by divine providence
             ... invoked by an orc priest
              (14 damage)
             ... on level 4 of the Dungeon.
             The game lasted 00:05:08 (5117 turns).

oldriver the Digger (Gargoyle Earth Elementalist)   Turns: 5117, Time: 00:05:10

Health: -4/36      AC:  8    Str: 11    XL:     6   Next: 35%
Magic:  9/12       EV: 12    Int: 18    God:    Vehumet [*.....]
Gold:   159        SH:  0    Dex: 10    Spells: 7/13 levels left

rFire   . . .      SeeInvis .   w - +1 flail (vorpal)
rCold   + . .      Faith    .   (no shield)
rNeg    + . .      Spirit   .   b - +0 robe
rPois   ∞          Reflect  .   s - +0 helmet
rElec   +          Harm     .   (no cloak)
rCorr   .          Rampage  .   (no gloves)
Will    .....                   f - +0 pair of boots
Stlth   ++........              (no amulet)
HPRegen 0.12/turn               t - ring of protection from cold
MPRegen 0.13/turn               (no ring)

@: no status effects
A: sickness immunity, AC +4, negative energy resistance 1, electricity
resistance, torment resistance 1, petrification resistance
a: Renounce Religion


You were on level 4 of the Dungeon.
You worshipped Vehumet.
Vehumet was aware of your devotion.
You visited 2 branches of the dungeon, and saw 5 of its levels.

You collected 159 gold pieces.

Inventory:

Hand Weapons
 w - a +1 vorpal flail (weapon)
Armour
 b - a +0 robe (worn)
 d - an orb of light
 f - a +0 pair of boots (worn)
 s - a +0 helmet (worn)
Jewellery
 t - a ring of protection from cold (left hand)
 v - a ring of fire
 y - a ring of wizardry
Wands
 x - a wand of acid (2)
Scrolls
 g - a scroll of noise {unknown}
 h - a scroll of blinking {unknown}
 j - a scroll of enchant weapon {unknown}
 l - 3 scrolls of teleportation {unknown}
 p - a scroll of enchant armour {unknown}
 q - 2 scrolls of identify {unknown}
 r - a scroll of amnesia {unknown}
 u - a scroll of vulnerability {unknown}
Potions
 a - 2 potions of degeneration {unknown}
 e - 4 potions of heal wounds {unknown}
 i - a potion of mutation {unknown}
 k - a potion of attraction {unknown}
 m - a potion of invisibility {unknown}
 n - a potion of berserk rage {unknown}
 o - a potion of curing {unknown}
 z - a potion of resistance {unknown}


   Skills:
 + Level 2.6 Fighting
 - Level 1.6 Dodging
 + Level 3.8 Stealth
 * Level 4.0 Spellcasting
 + Level 0.1 Conjurations
 - Level 0.9 Transmutations
 + Level 4.9 Earth Magic


You had 7 spell levels left.
You knew the following spells:

 Your Spells              Type           Power      Damage    Failure   Level
a - Sandblast             Erth           42%        2d11      1%          1
b - Passwall              Tmut/Erth      11%        N/A       7%          2
c - Stone Arrow           Conj/Erth      24%        3d8       16%         3

Your spell library contained the following spells:

 Spells                   Type           Power      Damage    Failure   Level
 Magic Dart               Conj           16%        1d3       14%         1
 Ignite Poison            Fire/Tmut/Pois 4%         N/A       36%         3
 Mephitic Cloud           Conj/Pois/Air  3%         N/A       41%         3
 Petrify                  Tmut/Erth      14%        N/A       41%         4
 Summon Ice Beast         Ice/Summ       3%         N/A       82%         4
 Freezing Cloud           Conj/Ice/Air   1%         6-21      99%         5
 Summon Mana Viper        Hex/Summ       3%         N/A       99%         5
 Monstrous Menagerie      Summ           1%         N/A       100%        7


Dungeon Overview and Level Annotations

Branches:
Dungeon (4/15)             Temple (1/1) D:4

Altars:
Cheibriados
Dithmenos
Fedhas
Gozag
Hepliaklqana
Kikubaaqudgha
Makhleb
Ru
Sif Muna
Trog
Uskayaw
Vehumet
Wu Jian
Yredelemnul
Zin
The Shining One


Innate Abilities, Weirdness & Mutations

You are immune to sickness and miasma.
Your stone body is resilient. (AC +4)
You are immune to poison.
You resist negative energy. (rN+)
You are resistant to electric shocks. (rElec)
You are resistant to unholy torment.
You are immune to petrification.


Message History

A gnoll comes into view. It is wielding a +0 flail.
You don't have any stones to cast with.
You don't have any stones to cast with.
You don't have any stones to cast with.
You don't have any stones to cast with.
The gnoll shaman calls upon its god to speed up the gnoll.
The gnoll seems to speed up.
The gnoll hits you but does no damage.
The orc priest shouts!
The gnoll hits you from afar with a +0 spear.
The orc priest invokes the aid of Beogh against you.
Beogh smites you!
You don't have any stones to cast with.
You don't have any stones to cast with.
The orc priest mumbles some strange prayers to Beogh against you.
Beogh smites you! The gnoll misses you.
You hit the orc priest but do no damage.
The gnoll barely misses you. The orc priest closely misses you.
The gnoll shaman mumbles some strange prayers to its god against you.
You resist with some effort. The gnoll barely misses you.
The orc priest hits you but does no damage.
You hit the orc priest.
The orc priest is heavily wounded.
The gnoll misses you. The orc priest barely misses you.
You closely miss the orc priest.
The orc priest is heavily wounded.
The orc priest hits you with a +0 dagger.
* * * LOW HITPOINT WARNING * * *
The gnoll hits you but does no damage. The endoplasm misses you.
The gnoll shaman calls upon its god to speed up the gnoll.
The gnoll seems to speed up.
The orc priest looks braver for a moment.
You barely miss the orc priest.
The orc priest is heavily wounded.
The gnoll barely misses you. The endoplasm freezes you.
You are frozen.
You resist. The gnoll barely misses you.
The orc priest mumbles some strange prayers to Beogh against you.
Beogh smites you!
You die...

... ######### #.♣ #....oo.####
...♣ #.#.###....#########...♣
######.#..#####.##..........♣
oo.o.o.##§#..##.# #.##..))..♣
#########§##.##.###....# #
#....##.##.#..ogg.)..# #
#....#...#.##.@JggP..# #
#....#._.#.##.##....^# #### #
#....#...#.##.########## #... #
#....#####.##.....))...# #.## #
#........#.##....#####.# ###.#<
##########.#.##.#.######.# #.....
...........#.##......)...###.#...
#######).........................
##.....##....).#...#.......


You could see a gnoll shaman, an orc priest, 3 gnolls and an endoplasm.

Vanquished Creatures
  An ogre (D:4)
  Ijyb (D:4)
  An iguana (D:4)
  Robin (D:3)
  5 gnolls
  3 dart slugs
  6 orcs
  10 endoplasms
  3 giant cockroaches (D:1)
  6 hobgoblins
  6 jackals
  3 quokkas
  6 ball pythons
  5 bats
  4 frilled lizards
  14 goblins
  8 kobolds
  A rat (D:3)
84 creatures vanquished.

Vanquished Creatures (others)
  4 plants (D:4)
4 creatures vanquished.

Grand Total: 88 creatures vanquished

Notes
Turn   | Place    | Note
-------+----------+-------------------------------------------
     0 | D:1      | oldriver the Gargoyle Earth Elementalist began the quest
                  | for the Orb.
     0 | D:1      | Reached XP level 1. HP: 10/10 MP: 3/3
   350 | D:1      | Reached XP level 2. HP: 15/15 MP: 3/5
   920 | D:1      | Found a faded altar of an unknown god.
  1252 | D:2      | Reached XP level 3. HP: 20/20 MP: 4/6
  1789 | D:2      | Reached skill level 1 in Fighting
  2263 | D:3      | Found a burning altar of Makhleb.
  2279 | D:3      | Found a snail-covered altar of Cheibriados.
  2697 | D:3      | Noticed Robin
  2722 | D:3      | Reached XP level 4. HP: 23/25 MP: 5/8
  2780 | D:3      | Killed Robin
  3444 | D:4      | Noticed Ijyb
  3467 | D:4      | Killed Ijyb
  3468 | D:4      | Reached XP level 5. HP: 3/30 MP: 4/10
  3737 | D:4      | Found a staircase to the Ecumenical Temple.
  3769 | Temple   | Entered the Ecumenical Temple
  3829 | Temple   | Became a worshipper of Vehumet
  3903 | D:4      | Noticed an ogre
  3927 | D:4      | Learned a level 2 spell: Passwall
  4370 | D:4      | Killed an ogre
  4371 | D:4      | Reached XP level 6. HP: 36/36 MP: 6/11
  4713 | D:4      | Found a hazy altar of Hepliaklqana.
  4997 | D:4      | Learned a level 3 spell: Stone Arrow
  5105 | D:4      | Reached * piety under Vehumet
  5105 | D:4      | Offered knowledge of Magic Dart by Vehumet.
  5117 | D:4      | Killed from afar by an orc priest

Illustrated notes

Levels and vault maps discovered:
D:1:      sevenhm_arrival_forest_fort_large_4, layout_basic, serial_curves,
          eino_curves_02, eino_curves_01, eino_curves_02, basic_ecumenical_altar
D:2:      layout_basic
D:3:      layout_basic, mainiacjoe_overflow_swirl, uniq_robin
D:4:      layout_basic, nzn_hepliaklqana_mist_gate,
          minmay_temple_entry_crystal_x, serial_forest,
          infiniplex_forest_clump_curved, infiniplex_forest_end_2,
          infiniplex_forest_straight_4, infiniplex_forest_clump_double,
          infiniplex_forest_3_way, infiniplex_forest_zigzag_1,
          infiniplex_forest_clump_tiny, infiniplex_forest_side_room,
          infiniplex_forest_clump_tiny, dk_noncrumbling_2,
          hangedman_abyss_or_decor_stagger, uniq_ijyb
Temple:   cyrus_circular_temple

Skill      XL: |  1  2  3  4  5  6 |
---------------+-------------------+-----
Earth Magic    | 4 |  4.9
Fighting       | 1 2 |  2.6
Stealth        | 3 |  3.8
Spellcasting   | 3 4 |  4.0
Dodging        | |  1.6
Conjurations   | |  0.1
Transmutations | |  0.9

Action                   |  1- 3 |  4- 6 || total
-------------------------+-------+-------++-------
Melee: Unarmed           |     4 |       ||     4
       Whip              |     1 |     7 ||     8
       Flail             |       |    24 ||    24
       Punch             |       |     1 ||     1
 Cast: Sandblast         |    65 |    54 ||   119
Armor: Robe              |     7 |    14 ||    21
Dodge: Dodged            |    15 |    32 ||    47

Table legend: (Time is in decaauts)
 A = Elapsed time spent in this place.
 B = Non-inter-level travel time spent in this place.
 C = Inter-level travel time spent in this place.
 D = Time resting spent in this place.
 E = Time spent auto-exploring this place.
 F = Levels seen in this place.
 G = Mean time per level.
                   A        B        C        D        E       F      G
               +--------+--------+--------+--------+--------+-----+--------+
         Total |   5124 |   4972 |    152 |    700 |   3586 |   5 | 1024.8 |
       Dungeon |   5058 |   4906 |    152 |    700 |   3544 |   4 | 1264.5 |
        Temple |     65 |     65 |      0 |      0 |     42 |   1 |   65.0 |
               +--------+--------+--------+--------+--------+-----+--------+

Top non-repeatable levels by time:
     D:4: 1617 daAuts
     D:3: 1367 daAuts
     D:1: 1208 daAuts
     D:2: 865 daAuts
  Temple: 65 daAuts
